 Dungeon Crawl Stone Soup version 0.22.1-6-g1668fe2 (webtiles) character file.

220 Fang the Skirmisher (level 5, -1/51 HPs)
             Began as a Gargoyle Berserker on Jan 17, 2019.
             Was a Believer of Trog.
             Killed by divine providence
             ... invoked by an orc priest
              (14 damage)
             ... on level 3 of the Dungeon.
             The game lasted 00:01:47 (1817 turns).

Fang the Skirmisher (Gargoyle Berserker)            Turns: 1817, Time: 00:01:47

Health: -1/51      AC: 15    Str: 26    XL:     5   Next: 97%
Magic:  5/5        EV:  7    Int:  8    God:    Trog [**....]
Gold:   56         SH:  0    Dex:  9    Spells: 4/4 levels left

rFire    . . .     SeeInvis .   a - +0 hand axe
rCold    . . .     Gourm    .   (no shield)
rNeg     + . .     Faith    .   e - +0 plate armour
rPois    ∞         Spirit   .   (no helmet)
rElec    +         Reflect  .   (no cloak)
rCorr    .         Harm     .   (no gloves)
MR       .....                  (no boots)
Stlth    ..........             (no amulet)
HPRegen  0.17/turn              (no ring)
MPRegen  0.09/turn              (no ring)

@: berserking, slowed
A: negative energy resistance 1, electricity resistance, unbreathing,
petrification resistance, rot immunity, AC +4
a: Berserk, Trog's Hand, Renounce Religion


You were on level 3 of the Dungeon.
You worshipped Trog.
Trog was pleased with you.
You were near starving.

You visited 1 branch of the dungeon, and saw 3 of its levels.

You collected 56 gold pieces.

Inventory:

Hand Weapons
 a - a +0 hand axe (weapon)
Armour
 e - a +0 plate armour (worn)
Jewellery
 i - an uncursed ring of fire {unknown}
 l - an uncursed ring of see invisible {unknown}
 q - an uncursed ring of ice {unknown}
Wands
 m - a wand of flame (16)
Scrolls
 b - 2 scrolls of enchant armour {unknown}
 g - a scroll of teleportation {unknown}
 h - 2 scrolls of immolation {unknown}
 j - a scroll of magic mapping {unknown}
 r - a scroll of identify {unknown}
Potions
 d - a potion of brilliance {unknown}
 f - a potion of degeneration {unknown}
 k - a potion of cancellation {unknown}
 n - a potion of flight {unknown}
 o - a potion of might {unknown}
 p - a potion of agility {unknown}
 s - a potion of curing {unknown}
Comestibles
 c - 2 rations


   Skills:
 + Level 4.9 Fighting
 + Level 4.2 Axes
 + Level 3.1 Armour
 + Level 2.1 Dodging
 + Level 0.2 Stealth


You had 4 spell levels left.
You didn't know any spells.
Your spell library was empty.

Dungeon Overview and Level Annotations

Branches:
Dungeon (3/15)

Altars:


Innate Abilities, Weirdness & Mutations

You are resistant to torment.
Your stone body is resilient. (AC +4)
You are immune to poison.
You resist negative energy. (rN+)
You are resistant to electric shocks. (rElec)
You can survive without breathing.
You are immune to petrification.
You are immune to rotting.


Message History

You kill the orc!
Trog accepts your kill.
The orc priest mumbles some strange prayers to Beogh against you.
You barely resist. You closely miss the orc priest.
The orc priest is severely wounded.
The orc priest invokes the aid of Beogh against you.
Beogh smites you!
* * * LOW HITPOINT WARNING * * *
Unknown command.
You closely miss the orc priest.
The orc priest is severely wounded.
The orc priest hits you but does no damage.
Unknown command.
You closely miss the orc priest.
The orc priest is severely wounded.
You hit the orc wizard.
The orc priest mumbles some strange prayers to Beogh against you.
Beogh smites you!
You die...

### #.. #.#
#.# #.# #.#
#
####)#.###.#
#<..@o......
####o).###[#
+...+ #...#
#...# #...#
..... ######


You could see an orc priest and an orc wizard.

Vanquished Creatures
  Sigmund (D:2)
  2 adders (D:2)
  3 dart slugs
  A leopard gecko (D:2)
  2 orcs (D:3)
  2 hobgoblins
  5 kobolds
  A ball python (D:1)
  3 bats
  A frilled lizard (D:1)
  5 goblins
  9 rats
35 creatures vanquished.

Notes
Turn   | Place    | Note
-------+----------+-------------------------------------------
     0 | D:1      | Fang the Gargoyle Berserker began the quest for the Orb.
     0 | D:1      | Reached XP level 1. HP: 14/14 MP: 1/1
   192 | D:1      | Reached XP level 2. HP: 14/19 MP: 2/2
   928 | D:2      | Noticed Sigmund
   933 | D:2      | Reached XP level 3. HP: 24/24 MP: 3/3
   939 | D:2      | Killed Sigmund
   939 | D:2      | Reached XP level 4. HP: 30/30 MP: 4/4
   939 | D:2      | Reached XP level 5. HP: 34/34 MP: 5/5
  1460 | D:2      | Reached ** piety under Trog
  1817 | D:3      | Killed from afar by an orc priest

Skill      XL: |  1  2  3 |
---------------+----------+-----
Axes           | 3 4 |  4.2
Fighting       | 4 |  4.9
Armour         | 3 |  3.1
Dodging        | 2 |  2.1
Stealth        | |  0.2

Action                   |  1- 3 |  4- 6 || total
-------------------------+-------+-------++-------
Melee: Hand axe          |    52 |    55 ||   107
Invok: Berserk           |     1 |     1 ||     2
  Eat: Chunk             |       |     3 ||     3
Armor: Plate armour      |    35 |    36 ||    71
       Animal skin       |     1 |       ||     1
Dodge: Dodged            |    21 |    20 ||    41
